 Dungeon Crawl Stone Soup version 0.24-a0-434-gd57e52fea8 (webtiles) character file.

Game seed: 17744523375114243943

258 Krouwed the Insei (level 5, 0/45 HPs)
             Began as a Draconian Transmuter on June 17, 2019.
             Was an Initiate of Fedhas.
             Killed from afar by an orc wizard (8 damage)
             ... with a magic dart
             ... on level 4 of the Dungeon.
             The game lasted 00:21:15 (3672 turns).

Krouwed the Insei (Draconian Transmuter)            Turns: 3672, Time: 00:21:15

Health: 0/45       AC:  5    Str: 12    XL:     5   Next: 94%
Magic:  8/9        EV: 13    Int: 14    God:    Fedhas [......]
Gold:   103        SH:  0    Dex: 12    Spells: 2/10 levels left

rFire    . . .     SeeInvis .     - Unarmed
rCold    . . .     Gourm    .   (no shield)
rNeg     . . .     Faith    .   (armour unavailable)
rPois    .         Spirit   .   (helmet restricted)
rElec    .         Reflect  .   (no cloak)
rCorr    .         Harm     .   (no gloves)
MR       .....                  (no boots)
Stlth    +.........             (no amulet)
HPRegen  0.15/turn              (no ring)
MPRegen  0.11/turn              (no ring)

@: hasted and slowed
A: unfitting armour, cold-blooded, AC +5
a: Fungal Bloom, Renounce Religion


You were on level 4 of the Dungeon.
You worshipped Fedhas.
Fedhas was noncommittal.
You were hungry.

You visited 2 branches of the dungeon, and saw 5 of its levels.

You collected 103 gold pieces.

Inventory:

Missiles
 a - 63 arrows
Armour
 d - a +1 hat
 p - a +1 cloak
Jewellery
 l - an uncursed ring of ice {unknown}
Scrolls
 b - a scroll of amnesia {unknown}
 e - a scroll of random uselessness {unknown}
 g - 3 scrolls of magic mapping {unknown}
 i - a scroll of immolation
 m - 4 scrolls of identify {unknown}
 n - a scroll of fog {unknown}
 o - 2 scrolls of remove curse
 q - a scroll of enchant weapon {unknown}
Potions
 f - 2 potions of cancellation {unknown}
 h - 2 potions of degeneration {unknown}
 j - 3 potions of haste
 k - a potion of brilliance {unknown}
Comestibles
 c - 9 rations


   Skills:
 + Level 3.1 Fighting
 - Level 2.8 Dodging
 + Level 4.0 Unarmed Combat
 - Level 3.0 Spellcasting
 + Level 3.3 Transmutations


You had 2 spell levels left.
You knew the following spells:

 Your Spells              Type           Power        Failure   Level  Hunger
a - Beastly Appendage     Tmut           ##....       5%          1    #......
b - Sticks to Snakes      Tmut           ##......     9%          2    ##.....
c - Blade Hands           Tmut           ##........   83%         5    ######.

Your spell library contained the following spells:

 Spells                   Type           Power        Failure   Level  Hunger
 Spider Form              Tmut/Pois      #.........   32%         3    ###....
 Ice Form                 Ice/Tmut       #.......     71%         4    #####..


Dungeon Overview and Level Annotations

Branches:
Dungeon (4/15)             Temple (1/1) D:4

Altars:
Ashenzari
Cheibriados
Dithmenos
Elyvilon
Fedhas
Hepliaklqana
Kikubaaqudgha
Nemelex Xobeh
Okawaru
Qazlal
Ru
Sif Muna
Trog
Vehumet
Wu Jian
Xom
Yredelemnul
Zin
The Shining One


Innate Abilities, Weirdness & Mutations

Your plain brown scales are hard. (AC +5)
You cannot fit into any form of body armour.
You are cold-blooded and may be slowed by cold attacks.


Message History

The orc completely misses something.
The orc wizard barely misses something.
The orc priest hits you.
The orc hits something.
The orc wizard casts a spell.
The orc wizard blinks!
The orc priest invokes the aid of Beogh against you.
Beogh smites you!
* * * LOW HITPOINT WARNING * * *
It was a potion of haste.
You feel yourself speed up.
The orc priest hits you but does no damage.
The orc priest mumbles some strange prayers to Beogh against you.
Pain shoots through your body!
* * * LOW HITPOINT WARNING * * *
The orc wizard casts a spell.
The orc wizard blinks!
There is a stone staircase leading down here.
You can't go up here!
The orc wizard casts a spell at you. The magic dart hits you!
You die...
Fedhas appreciates your contribution to the ecosystem.

#.............##..## #......
#..####.########..# #.#####
#..# #.# #..######.# #
#..####.# ####..#...##.#####
#.....#.# #.....#.#......#..
##.##.#.###
#.###.#..##..#...#
#.##.#.#.###># #.#...##..####
#.##.#..#.##.###.....###..###
#...........@oo.o#...###.....
###......##..#######..#..>...
#.##.###.....# #.......#
#.###.#.#.##.# ##..##.## #.#
##.##.##.# #.#####. #.#
#......#.# #.. .# #.#
#.###..#.# ## .# #.# #.#
#..... #.# #.# #..####


You could see an orc priest, an orc wizard and an orc.

Vanquished Creatures
  A scorpion (D:3)
  An orc priest (D:3)
  A worker ant (D:4)
  4 gnolls
  2 adders (D:2)
  6 worms
  A dart slug (D:1)
  7 orcs
  A ball python (D:1)
  6 giant cockroaches
  7 goblins
  5 hobgoblins
  4 kobolds
  A quokka (D:4)
  9 bats
  A frilled lizard (D:2)
  6 rats
63 creatures vanquished.

Vanquished Creatures (collateral kills)
  An orc wizard (D:3)
  2 gnolls (D:3)
  An adder (D:3)
  2 orcs (D:4)
  A goblin (D:3)
  A bat (D:3)
  A frilled lizard (D:4)
  A rat (D:3)
10 creatures vanquished.

Vanquished Creatures (others)
  4 toadstools (D:4)
4 creatures vanquished.

Grand Total: 77 creatures vanquished

Notes
Turn   | Place    | Note
-------+----------+-------------------------------------------
     0 | D:1      | Krouwed the Draconian Transmuter began the quest for the
                  | Orb.
     0 | D:1      | Reached XP level 1. HP: 16/16 MP: 3/3
    16 | D:1      | Reached XP level 2. HP: 3/23 MP: 5/5
   603 | D:1      | You fall into a shaft and drop 1 floor!
   626 | D:2      | Reached XP level 3. HP: 10/29 MP: 6/6
  1677 | D:2      | Learned a level 2 spell: Sticks to Snakes
  1899 | D:2      | Found a white marble altar of Elyvilon.
  2108 | D:3      | Reached XP level 4. HP: 36/36 MP: 1/7
  2704 | D:3      | Reached XP level 5. HP: 30/42 MP: 4/9
  2761 | D:3      | Found an iron altar of Okawaru.
  3024 | D:3      | Learned a level 5 spell: Blade Hands
  3208 | D:4      | Found a glowing golden altar of the Shining One.
  3271 | D:4      | Found a staircase to the Ecumenical Temple.
  3285 | D:4      | Reached skill level 4 in Unarmed Combat
  3312 | Temple   | Entered the Ecumenical Temple
  3527 | Temple   | Became a worshipper of Fedhas Madash
  3672 | D:4      | Killed from afar by an orc wizard

Levels and vault maps discovered:
D:1:      lightli_arrival_statuegarden, layout_basic
D:2:      layout_basic, nicolae_overflow_hidden_temple, first_ration,
          grunt_ministairs_10, kennysheep_generic_room_8
D:3:      layout_loops_cross, minmay_misc_feat_ornament,
          okawaru_altar_gauntlet_db
D:4:      layout_loops_ring, lemuel_coloured_pillars_altar, tso_oasis_becter,
          minmay_temple_entry_wispy
Temple:   regret_index_temple_sphere_string

Skill      XL: |  1  2  3  4  5 |
---------------+----------------+-----
Dodging        | 2 |  2.8
Fighting       | 2 3 |  3.1
Transmutations | 3 |  3.3
Spellcasting   | 3 |  3.0
Unarmed Combat | 4 |  4.0

Action                   |  1- 3 |  4- 6 || total
-------------------------+-------+-------++-------
Melee: Unarmed           |   107 |   157 ||   264
       Tailslap          |    15 |    17 ||    32
       Headbutt          |    10 |     6 ||    16
       Kick              |     5 |     9 ||    14
       Punch             |     2 |     2 ||     4
 Cast: Beastly Appendage |    15 |    13 ||    28
       Sticks to Snakes  |     1 |    22 ||    23
Invok: Fungal Bloom      |       |     1 ||     1
  Use: Potion            |     1 |     1 ||     2
       Scroll            |     2 |       ||     2
 Stab: Distracted        |       |     1 ||     1
  Eat: Chunk             |     4 |     6 ||    10
Armor: Skin              |    41 |    40 ||    81
Dodge: Dodged            |    69 |   107 ||   176

Table legend:
 A = Non-vault XP
 B = Vault XP
 C = Vault XP percentage of total XP
 D = Non-vault monster count
 E = Vault monster count
 F = Vault count percentage of total count
                 A         B        C        D         E       F
            +---------+---------+-------+---------+---------+-------
      Total |     329 |      40 |  10.8 |      65 |       8 |  11.0
            +---------+---------+-------+---------+---------+-------
        D:1 |      32 |       0 |   0.0 |      10 |       0 |   0.0
        D:2 |      48 |      15 |  23.8 |      19 |       2 |   9.5
        D:3 |     209 |      25 |  10.7 |      30 |       6 |  16.7
        D:4 |      40 |       0 |   0.0 |       6 |       0 |   0.0
            +---------+---------+-------+---------+---------+-------
